[Event "Titled Tuesday Blitz April 11 Early 2023"]
[White "Havas, Ladislav"]
[Black "FuenfgegenWilly"]
[WhiteFideId "14501090"]
[WhiteElo "2202"]
[BlackElo "2215"]
[Result "0-1"]
[Round "07"]
[TimeControl "180+2"]
[Date "2023.04.11"]
[WhiteClock "0:00:35"]
[BlackClock "0:01:18"]

1. d4 d5 2. Bf4 g6 3. e3 Bg7 4. Nc3 c6 5. h4 h5 6. Nf3 Bg4 7. Qd2 Nd7 8. Bd3 Bxf3 9. gxf3 e5 10. dxe5 Nxe5 11. Be2 Ne7 12. O-O-O Qa5 13. Kb1 O-O-O 14. a3 Nc4 15. Bxc4 dxc4 16. Qe1 Bxc3 17. Qxc3 Qxc3 18. bxc3 Nd5 19. Be5 Rhe8 20. Bd4 b6 21. e4 Nf4 22. Bf6 Rxd1+ 23. Rxd1 Kc7 24. Bg5 Ne6 25. Bf6 b5 26. Kb2 Nc5 27. Rd4 Na4+ 28. Kc1 Nxc3 29. Rd2 Na4 30. e5 Nc5 31. Re2 Ne6 32. Re4 Kb6 33. c3 a5 34. Kc2 Kc5 35. f4 Ra8 36. Be7+ Kd5 37. f3 Ra7 38. Bd6 c5 39. Kd2 Ng7 40. Re1 Nf5 41. Kc2 Nxh4 42. Rd1+ Ke6 43. Bxc5 Rd7 44. Rf1 Kf5 45. Bb6 a4 46. Be3 Rd3 47. Bd4 Nxf3 48. e6 fxe6 49. Bg7 Kxf4 50. Bh6+ Kg3 51. Rb1 Rd5 52. Rf1 h4 53. Bg7 h3 54. Bf8 h2 0-1


[Site "https://www.chess.com"]

[Event "Titled Tuesday Blitz April 11 Early 2023"]
[White "micke12a"]
[Black "Sankalan Shah"]
[BlackFideId "25600362"]
[WhiteElo "2311"]
[BlackElo "2118"]
[Result "1-0"]
[Round "07"]
[TimeControl "180+2"]
[Date "2023.04.11"]
[WhiteClock "0:00:06"]
[BlackClock "0:00:04"]

1. d4 Nf6 2. Nc3 d5 3. Bf4 b5 4. Nxb5 Na6 5. a3 c6 6. Nc3 e6 7. e3 Bd6 8. Bxd6 Qxd6 9. Nf3 Nc7 10. Be2 Rb8 11. b3 O-O 12. O-O c5 13. dxc5 Qxc5 14. Qd4 Qe7 15. Qxa7 Bb7 16. Qd4 Rfc8 17. Na4 Nce8 18. c4 dxc4 19. Bxc4 Nd6 20. Bd3 Rd8 21. b4 Nde4 22. Qc4 Rbc8 23. Qb3 Bd5 24. Qb2 Bc6 25. Bc2 Nd2 26. Nxd2 Rxd2 27. Nc5 Ng4 28. Rad1 Qh4 29. h3 Rxf2 30. Bxh7+ Kxh7 31. Rxf2 Nxf2 32. Qxf2 Qe4 33. Rd4 Qb1+ 34. Kh2 Kg8 35. a4 Qa1 36. b5 Bd5 37. Nd3 Qb1 38. Nf4 Rc2 39. Rd2 Rc1 40. Nxd5 Rh1+ 41. Kg3 exd5 42. Qf3 Qg6+ 43. Kf2 Ra1 44. Qg4 Qf6+ 45. Kg3 Rf1 46. Kh2 Ra1 47. Rxd5 Qf1 48. Rd8+ Kh7 49. Qh5# 1-0


[Site "https://www.chess.com"]

[Event "Titled Tuesday Blitz April 11 Early 2023"]
[White "Ovezdurdyyeva, Jemal"]
[Black "Einarsson, Halldor Gretar"]
[WhiteFideId "14001888"]
[BlackFideId "2300150"]
[WhiteElo "2043"]
[BlackElo "2142"]
[Result "0-1"]
[Round "07"]
[TimeControl "180+2"]
[Date "2023.04.11"]
[WhiteClock "0:00:24"]
[BlackClock "0:00:14"]

1. e4 c5 2. Nf3 Nc6 3. c3 Nf6 4. Bd3 e5 5. O-O g6 6. Bc2 Bg7 7. d4 cxd4 8. cxd4 O-O 9. d5 Nb4 10. Nxe5 Qc7 11. Nxg6 hxg6 12. Nc3 Nxc2 13. Qxc2 b6 14. Qe2 Re8 15. Qf3 Ba6 16. Re1 Rac8 17. Bf4 Qc4 18. Rac1 Qb4 19. Bg5 Nh7 20. Bh4 Qxb2 21. e5 Rxe5 0-1


[Site "https://www.chess.com"]

[Event "Titled Tuesday Blitz April 11 Early 2023"]
[White "Rian, Kapriaga"]
[Black "Ciuffoletti, Paolo"]
[WhiteFideId "7103263"]
[BlackFideId "807630"]
[WhiteElo "2305"]
[BlackElo "2143"]
[Result "1/2-1/2"]
[Round "07"]
[TimeControl "180+2"]
[Date "2023.04.11"]
[WhiteClock "0:00:12"]
[BlackClock "0:00:06"]

1. d4 d5 2. Nf3 Nf6 3. Bf4 c5 4. e3 Nc6 5. Nbd2 e6 6. c3 cxd4 7. exd4 Bd6 8. Ne5 O-O 9. Bd3 Qc7 10. Qe2 Nd7 11. Ndf3 Bxe5 12. dxe5 f6 13. O-O fxe5 14. Bxh7+ Kxh7 15. Ng5+ Kg8 16. Qh5 Nf6 17. Qg6 exf4 18. Rae1 e5 19. Rd1 Ne7 20. Qc2 Bf5 21. Qb3 Rfd8 22. Rfe1 Ne4 23. Nxe4 Bxe4 24. Rxe4 Qb6 25. Rb4 Qg6 26. Rxb7 Nf5 27. Rxd5 Rxd5 28. Qxd5+ Kh7 29. Rxg7+ Kxg7 30. Qxa8 Nh4 31. h3 f3 32. g3 Qb1+ 33. Kh2 Qf1 34. Qb7+ Kh6 35. Qc6+ Kh7 36. Qd7+ Kh6 37. Qc6+ Kh7 38. Qd7+ Kh6 39. Qc6+ 1/2-1/2


[Site "https://www.chess.com"]

[Event "Titled Tuesday Blitz April 11 Early 2023"]
[White "Eggleston, Thomas A"]
[Black "rionelG"]
[WhiteFideId "412139"]
[WhiteElo "2155"]
[BlackElo "2168"]
[Result "1-0"]
[Round "07"]
[TimeControl "180+2"]
[Date "2023.04.11"]
[WhiteClock "0:00:55"]
[BlackClock "0:00:11"]

1. e4 c5 2. Nf3 d6 3. Bc4 Nf6 4. d3 e6 5. Bb3 Be7 6. c3 O-O 7. O-O b6 8. Re1 Bb7 9. Nbd2 Nbd7 10. d4 Rc8 11. e5 Ne8 12. Ne4 d5 13. Ng3 cxd4 14. cxd4 Ba6 15. Nh5 g6 16. Nf4 Ng7 17. g3 h5 18. h4 Re8 19. Nh3 Nf8 20. a3 Nf5 21. Bf4 Qd7 22. Nfg5 Kg7 23. Ba2 Qb5 24. g4 Nxh4 25. gxh5 Qd3 26. Qg4 Nf5 27. Rad1 Qc2 28. hxg6 Nxg6 29. Bb1 Qxb2 30. Bxf5 exf5 31. Qxf5 Rh8 32. Qxf7+ Kh6 33. Ne6+ Nxf4 34. Qg7+ Kh5 35. Nhxf4+ Kh4 36. Qg3# 1-0


[Site "https://www.chess.com"]

[Event "Titled Tuesday Blitz April 11 Early 2023"]
[White "crosky"]
[Black "ajedrez-facil"]
[WhiteElo "2297"]
[BlackElo "2128"]
[Result "1-0"]
[Round "07"]
[TimeControl "180+2"]
[Date "2023.04.11"]
[WhiteClock "0:00:31"]
[BlackClock "0:01:14"]

1. c4 Nf6 2. Nc3 g6 3. e4 d6 4. d4 Bg7 5. Be2 O-O 6. Bg5 c5 7. d5 e6 8. Nf3 h6 9. Be3 exd5 10. exd5 Re8 11. h3 Bf5 12. Nh4 Be4 13. Qd2 Kh7 14. f3 Nfd7 15. g3 Bf5 16. Nxf5 gxf5 17. O-O-O Qe7 18. Bf4 Bxc3 19. Qxc3 Qxe2 20. Rhe1 Qxe1 21. Rxe1 1-0


[Site "https://www.chess.com"]

[Event "Titled Tuesday Blitz April 11 Early 2023"]
[White "Kula, Robert"]
[Black "Jaivardhan Raj"]
[WhiteFideId "1101218"]
[BlackFideId "25744437"]
[WhiteElo "2180"]
[BlackElo "1772"]
[Result "1-0"]
[Round "07"]
[TimeControl "180+2"]
[Date "2023.04.11"]
[WhiteClock "0:01:27"]
[BlackClock "0:01:07"]

1. d4 Nf6 2. c4 e6 3. Nc3 Bb4 4. Nf3 b6 5. e3 Bb7 6. Bd3 Ne4 7. Qc2 f5 8. O-O Bxc3 9. bxc3 O-O 10. a4 a5 11. Rb1 d6 12. Ba3 Nd7 13. Nd2 Ng5 14. f4 Nf7 15. c5 dxc5 16. dxc5 Ba6 17. Bxa6 Rxa6 18. cxb6 Re8 19. b7 Qb8 20. c4 Rb6 21. c5 Rxb7 22. Rxb7 Qxb7 23. c6 Qa7 24. cxd7 Qxe3+ 25. Kh1 Ra8 26. Nc4 Qd4 27. Rd1 Qxf4 28. Be7 Nd8 29. Nxa5 Rxa5 30. Bxd8 Rd5 31. Bg5 Qxg5 32. Rxd5 exd5 33. Qxc7 1-0


[Site "https://www.chess.com"]

[Event "Titled Tuesday Blitz April 11 Early 2023"]
[White "Winkels, Marcel"]
[Black "Kohler, Aran"]
[WhiteFideId "1003887"]
[BlackFideId "1002856"]
[WhiteElo "1900"]
[BlackElo "2288"]
[Result "0-1"]
[Round "07"]
[TimeControl "180+2"]
[Date "2023.04.11"]
[WhiteClock "0:00:02"]
[BlackClock "0:00:27"]

1. d4 d5 2. Nc3 c6 3. Bf4 Bf5 4. e3 e6 5. f3 h6 6. g4 Bh7 7. Bd3 Bxd3 8. Qxd3 Bd6 9. Nge2 Ne7 10. O-O-O Ng6 11. Bxd6 Qxd6 12. h4 Na6 13. h5 Ne7 14. e4 O-O-O 15. e5 Qb4 16. a3 Qa5 17. Kb1 Kb8 18. Nc1 c5 19. Nb3 Qb6 20. Na4 c4 21. Nxb6 cxd3 22. Na4 dxc2+ 23. Kxc2 Rc8+ 24. Kd3 Nc6 25. Nac5 Nc7 26. Rc1 Rcd8 27. Rc2 f6 28. exf6 gxf6 29. Re1 e5 30. Rce2 Rhe8 31. Re3 b6 32. Na4 Ne6 33. dxe5 fxe5 34. Kc2 Rc8 35. Kb1 Ned4 36. Nxd4 Nxd4 37. Rxe5 Rxe5 38. Rxe5 Nxf3 39. Rxd5 Rg8 40. Rf5 Nd4 41. Rf4 Ne6 42. Re4 Ng5 43. Rd4 Kc7 44. Nc3 Rf8 45. Nd5+ Kb7 46. Nf4 Nf3 47. Re4 Nd2+ 48. Kc2 Nxe4 49. Ne6 Rf2+ 50. Kd3 Nf6 51. g5 hxg5 52. h6 g4 53. Ng5 Rh2 54. Ke3 g3 55. Kf3 Rxb2 56. Kxg3 Rb3+ 57. Kf4 Rb5 58. h7 Nxh7 59. Nxh7 Ra5 60. Nf6 Rxa3 61. Ke4 a5 62. Nd5 Ra4+ 63. Kd3 Rh4 64. Nf6 Kc6 65. Ne4 Rxe4 66. Kxe4 Kc5 67. Kd3 b5 68. Kc2 Kc4 69. Kb2 b4 70. Ka2 Kc3 71. Ka1 b3 72. Kb1 b2 73. Ka2 Kc2 74. Ka3 b1=Q 75. Ka4 Qb4# 0-1


[Site "https://www.chess.com"]

[Event "Titled Tuesday Blitz April 11 Early 2023"]
[White "Vargas, Mauricio"]
[Black "Fajdetic, Hrvoje"]
[WhiteFideId "4404572"]
[BlackFideId "14501945"]
[WhiteElo "1998"]
[BlackElo "2185"]
[Result "0-1"]
[Round "07"]
[TimeControl "180+2"]
[Date "2023.04.11"]
[WhiteClock "0:00:02"]
[BlackClock "0:01:26"]

1. e4 c5 2. Nf3 a6 3. d4 cxd4 4. Nxd4 Nf6 5. e5 Qa5+ 6. c3 Qxe5+ 7. Be3 Nd5 8. Qf3 Nxe3 9. fxe3 Nc6 10. Be2 Qf6 11. O-O Qxf3 12. Rxf3 d6 13. Bc4 Ne5 14. Bb3 Nxf3+ 15. gxf3 e5 16. Ne2 Be6 17. c4 Be7 18. Nbc3 O-O 19. e4 Rfc8 20. Nd5 Bxd5 21. cxd5 Bg5 22. Ng3 Rc1+ 23. Rxc1 Bxc1 24. Nf5 Rd8 25. Kg2 Bxb2 26. Ne3 b5 27. Nd1 Bd4 28. Nf2 Bxf2 29. Kxf2 Rc8 30. Ke3 g6 31. f4 f6 32. f5 Rc3+ 33. Kf2 a5 0-1


[Site "https://www.chess.com"]

[Event "Titled Tuesday Blitz April 11 Early 2023"]
[White "Carrasco Miranda, Andres"]
[Black "Zou, Brendan"]
[WhiteFideId "3405990"]
[BlackFideId "3221296"]
[WhiteElo "2183"]
[BlackElo "1852"]
[Result "1-0"]
[Round "07"]
[TimeControl "180+2"]
[Date "2023.04.11"]
[WhiteClock "0:00:10"]
[BlackClock "0:00:07"]

1. d4 Nf6 2. c4 e6 3. g3 Bb4+ 4. Nd2 O-O 5. Bg2 d6 6. Nf3 Nc6 7. O-O Bxd2 8. Bxd2 Qe7 9. b4 h6 10. b5 Nd8 11. a4 e5 12. dxe5 dxe5 13. Qb1 c6 14. Bb4 c5 15. Bc3 Nd7 16. Nd2 f6 17. a5 Rb8 18. Qg6 Qf7 19. Bd5 Ne6 20. Qxf7+ Kxf7 21. f4 Ke7 22. e3 Nc7 23. Be4 Ne8 24. Rad1 Nd6 25. Bd5 b6 26. a6 Nf5 27. Rfe1 Rd8 28. Nf3 Nd6 29. fxe5 fxe5 30. Nxe5 Nxe5 31. Bxe5 Be6 32. e4 Rbc8 33. Bxg7 Rg8 34. Bxh6 Rg6 35. Bf4 Rd8 36. Kg2 Bg4 37. Rd2 Be6 38. h4 Rdg8 39. Bg5+ Kd7 40. e5 Nf5 41. Be4+ Nd4 42. Bxg6 Rxg6 43. Re4 Bf5 44. Rexd4+ cxd4 45. Rxd4+ Ke6 46. Bf4 Rg7 47. Kf3 Rd7 48. Rxd7 Kxd7 49. g4 Bd3 50. h5 Ke6 51. g5 Bxc4 52. g6 Bd3 53. Kg4 Bf5+ 54. Kg5 Bd3 55. h6 Ke7 56. h7 Bxg6 57. Kxg6 Ke6 58. h8=Q Kd5 59. Qa8+ Kc5 60. Qxa7 Kxb5 61. Qb7 Ka5 62. a7 Kb5 63. a8=Q Kc5 64. Qac8+ Kd4 65. Qbd7+ Ke4 66. Qc4+ Kf3 67. Qdd3+ Kg4 68. Bh6# 1-0


[Site "https://www.chess.com"]

[Event "Titled Tuesday Blitz April 11 Early 2023"]
[White "Dahlgren, James Allen"]
[Black "Nery Junior, Jose Antonio"]
[WhiteFideId "22256873"]
[BlackFideId "2104822"]
[WhiteElo "2162"]
[BlackElo "2197"]
[Result "1-0"]
[Round "07"]
[TimeControl "180+2"]
[Date "2023.04.11"]
[WhiteClock "0:01:08"]
[BlackClock "0:00:13"]

1. d3 c5 2. f4 g6 3. Nf3 Bg7 4. e4 d6 5. Nc3 Nc6 6. Be2 Nf6 7. O-O O-O 8. h3 Rb8 9. Be3 b5 10. Qd2 b4 11. Nd1 Bb7 12. g4 Nd7 13. c4 bxc3 14. bxc3 Ba8 15. Rc1 Qa5 16. c4 Qxd2 17. Bxd2 Nd4 18. Nxd4 Bxd4+ 19. Be3 Bxe3+ 20. Nxe3 Rb2 21. Kf2 Rxa2 22. Ra1 Rb2 23. Rxa7 Bc6 24. Rc7 Rb6 25. Ra1 e6 26. Raa7 Nf6 27. g5 Ne8 28. Re7 Ng7 29. Ng4 Ra8 30. Nh6+ Kh8 31. Nxf7+ Kg8 32. Nh6+ Kh8 33. Rxg7 Rxa7 34. Rg8# 1-0


[Site "https://www.chess.com"]

[Event "Titled Tuesday Blitz April 11 Early 2023"]
[White "Burdalev, Kirill"]
[Black "dDobravcan"]
[WhiteFideId "14121913"]
[WhiteElo "2236"]
[BlackElo "2139"]
[Result "0-1"]
[Round "07"]
[TimeControl "180+2"]
[Date "2023.04.11"]
[WhiteClock "0:00:02"]
[BlackClock "0:00:13"]

1. d4 d6 2. c4 e5 3. Nf3 e4 4. Ng5 f5 5. Nc3 Be7 6. Nh3 c6 7. Nf4 Na6 8. d5 Nc7 9. g3 Nf6 10. h4 O-O 11. Bg2 g6 12. b3 Ng4 13. Bb2 Bf6 14. O-O Bxh4 15. gxh4 Qxh4 16. Nh3 c5 17. Qd2 e3 18. fxe3 Qg3 19. Rf3 Qh2+ 20. Kf1 Ne5 21. Rf2 Ng4 22. Rf4 Re8 23. Nd1 Qg3 24. Qc3 Ne5 25. Qe1 Qh2 26. Qh4 Bd7 27. Ndf2 Rf8 28. Ng5 Qxh4 29. Rxh4 h5 30. Ke1 Ng4 31. Nxg4 fxg4 32. Kd2 Rae8 33. Be4 Bf5 34. Bxf5 Rxf5 35. Ne6 Nxe6 36. dxe6 Rxe6 37. Rg1 Rf2 38. Rg3 Kf7 39. Ke1 Rf5 40. Rh1 Re4 41. Rf1 Ke6 42. Rxf5 gxf5 43. Rg1 h4 44. Kf2 f4 45. exf4 Rxf4+ 46. Kg2 Kf5 47. Rf1 h3+ 48. Kg1 h2+ 49. Kxh2 Rxf1 50. Kg2 Rb1 51. Bc3 Rc1 0-1


[Site "https://www.chess.com"]

[Event "Titled Tuesday Blitz April 11 Early 2023"]
[White "Gardezi, Arsal"]
[Black "Munro, Allan"]
[WhiteFideId "30949521"]
[BlackFideId "7700245"]
[WhiteElo "1906"]
[BlackElo "2084"]
[Result "0-1"]
[Round "07"]
[TimeControl "180+2"]
[Date "2023.04.11"]
[WhiteClock "0:00:14"]
[BlackClock "0:00:37"]

1. Nf3 d5 2. d4 Nf6 3. c3 c5 4. Bf4 Nc6 5. Nbd2 Bf5 6. e3 e6 7. Bb5 Nd7 8. O-O Be7 9. a4 O-O 10. Re1 a6 11. Bxc6 bxc6 12. e4 Bg6 13. Qb3 Qc8 14. c4 dxe4 15. Nxe4 cxd4 16. Nd6 Qc7 17. Qa3 c5 0-1


[Site "https://www.chess.com"]

[Event "Titled Tuesday Blitz April 11 Early 2023"]
[White "Quirke, Jeffrey"]
[Black "Tarnowska, Aleksandra"]
[WhiteFideId "2013029"]
[BlackFideId "1180967"]
[WhiteElo "2252"]
[BlackElo "1776"]
[Result "0-1"]
[Round "07"]
[TimeControl "180+2"]
[Date "2023.04.11"]
[WhiteClock "0:00:01"]
[BlackClock "0:00:10"]

1. e4 c5 2. Nc3 g6 3. f4 Bg7 4. Nf3 d6 5. Bb5+ Bd7 6. a4 a6 7. Bxd7+ Nxd7 8. a5 b5 9. axb6 Nxb6 10. O-O Nf6 11. d3 h5 12. f5 gxf5 13. Nh4 Ng4 14. Nxf5 Bd4+ 15. Nxd4 cxd4 16. Ne2 Ne3 17. Bxe3 dxe3 18. Qc1 Qc7 19. c3 Qc5 20. Rf3 Nd7 21. Qxe3 Qb5 22. Qd2 Ne5 23. Rh3 Qb6+ 24. Kh1 Ng4 25. Nd4 e5 26. Qe2 exd4 27. Qxg4 hxg4 28. Rxh8+ Ke7 29. Rxa8 Qxb2 30. R8xa6 dxc3 0-1


[Site "https://www.chess.com"]

[Event "Titled Tuesday Blitz April 11 Early 2023"]
[White "Rosh Jain"]
[Black "Hartikainen, Jarmo"]
[WhiteFideId "25789465"]
[BlackFideId "503134"]
[WhiteElo "2233"]
[BlackElo "2050"]
[Result "1-0"]
[Round "07"]
[TimeControl "180+2"]
[Date "2023.04.11"]
[WhiteClock "0:02:47"]
[BlackClock "0:02:29"]

1. e4 c5 2. Nf3 Nc6 3. d4 cxd4 4. Nxd4 Nf6 5. Nc3 d6 6. Bc4 e6 7. Bb3 a6 8. Bg5 Be7 9. O-O Qc7 10. Kh1 b5 11. f4 b4 12. Nxc6 Qxc6 13. Ba4 1-0


[Site "https://www.chess.com"]

[Event "Titled Tuesday Blitz April 11 Early 2023"]
[White "Sanchez, Robert"]
[Black "Torres Hernandez, Leslie Carolin"]
[WhiteFideId "2034360"]
[BlackFideId "8400504"]
[WhiteElo "1993"]
[BlackElo "1920"]
[Result "0-1"]
[Round "07"]
[TimeControl "180+2"]
[Date "2023.04.11"]
[WhiteClock "0:02:14"]
[BlackClock "0:01:44"]

1. e4 c5 2. Nf3 d6 3. d4 cxd4 4. Nxd4 Nf6 5. Nc3 a6 6. Be3 e5 7. Nb3 Be7 8. f3 O-O 9. Qd2 Be6 10. O-O-O Nbd7 11. g4 b5 12. g5 b4 13. Ne2 Nh5 14. f4 exf4 15. Nxf4 Nxf4 16. Bxf4 Ne5 17. Be2 a5 18. Nd4 Bxa2 19. Nf5 Rc8 20. Nxe7+ Qxe7 21. Qxd6 Qxd6 22. Rxd6 Nc4 23. Ra6 Rc5 24. Bxc4 Bxc4 25. Bd6 Bxa6 26. Bxc5 Rc8 27. Rd1 h6 28. Bb6 a4 29. h4 Rc4 30. Rd4 Rc6 31. Rxb4 Bd3 32. c3 a3 33. bxa3 Rxc3+ 34. Kd2 Rxa3 35. Bc5 Ba6 36. Rb8+ 0-1


[Site "https://www.chess.com"]

[Event "Titled Tuesday Blitz April 11 Early 2023"]
[White "NtcPou"]
[Black "Kiseljova, Marya"]
[BlackFideId "4155009"]
[WhiteElo "1964"]
[BlackElo "1851"]
[Result "1-0"]
[Round "07"]
[TimeControl "180+2"]
[Date "2023.04.11"]
[WhiteClock "0:00:37"]
[BlackClock "0:00:16"]

1. e4 c5 2. Nf3 Nc6 3. Bb5 e5 4. O-O Bd6 5. c3 a6 6. Ba4 b5 7. Bb3 c4 8. Bc2 Nge7 9. d4 cxd3 10. Qxd3 Bc7 11. Bg5 O-O 12. Rd1 h6 13. Bh4 Qe8 14. Bb3 Ng6 15. Bg3 Na5 16. Bc2 Nc4 17. a4 Nxb2 18. Qd5 Rb8 19. Re1 Nxa4 20. Bxa4 bxa4 21. Rxa4 Bb7 22. Qd2 d5 23. exd5 Qxa4 24. d6 Ba5 25. Nxe5 Nxe5 26. Bxe5 Qg4 27. Bg3 Bc6 28. Na3 Rb3 29. Nc2 Bxc3 30. Qd3 Bxe1 31. Qxb3 Qd1 32. h3 Be4 33. Qe3 Bxc2 34. Kh2 Bb4 35. d7 Bf5 36. Qf4 Qb1 37. Qc7 Bxd7 38. Qxd7 a5 39. Qg4 Qg6 40. Qc4 Qd6 41. Bxd6 Bxd6+ 42. g3 Re8 43. Qb5 Re2 44. Qxe2 a4 45. Qe8+ Kh7 46. Qxa4 1-0


[Site "https://www.chess.com"]

[Event "Titled Tuesday Blitz April 11 Early 2023"]
[White "Nakamura, Hikaru"]
[Black "Bortnyk, Olexandr"]
[WhiteFideId "2016192"]
[BlackFideId "14120828"]
[WhiteElo "2885"]
[BlackElo "2734"]
[Result "1-0"]
[Round "08"]
[TimeControl "180+2"]
[Date "2023.04.11"]
[WhiteClock "0:00:20"]
[BlackClock "0:00:03"]

1. c4 Nf6 2. Nc3 d6 3. d4 g6 4. e4 Bg7 5. Nf3 O-O 6. Be2 Nbd7 7. Qc2 e5 8. d5 c5 9. dxc6 bxc6 10. O-O a5 11. Rd1 Qc7 12. Na4 Ba6 13. b3 Rfd8 14. Ba3 Bf8 15. Rd2 Rac8 16. Rad1 c5 17. Nc3 Nb8 18. Nd5 Nxd5 19. cxd5 Bh6 20. Bxa6 Nxa6 21. Re2 c4 22. bxc4 Qxc4 23. Qxc4 Rxc4 24. h4 f6 25. Rb1 Ra4 26. Rb6 Nb4 27. Bxb4 Rxb4 28. Ra6 a4 29. g3 Bf8 30. Kg2 Rc8 31. a3 Rbc4 32. h5 R8c7 33. Ra8 Kf7 34. Ra6 Rb7 35. Nh2 Be7 36. Ng4 Kg7 37. h6+ Kf7 38. Ra8 f5 39. Nh2 Bf8 40. exf5 gxf5 41. Nf3 Bxh6 42. Rxe5 f4 43. Re6 Bf8 44. g4 h6 45. g5 hxg5 46. Nxg5+ Kg7 47. Kf3 Be7 48. Kg4 f3+ 49. Ne4 Rd4 50. Kxf3 Rxd5 51. Rxa4 Rd3+ 52. Kg2 d5 53. Ng3 Kf7 54. Rh6 Bf8 55. Rh7+ Bg7 56. Rg4 Kg8 57. Rh5 Kf8 58. a4 Ra3 59. Rxd5 Bb2 60. Rf5+ Rf7 61. Rd5 Ra2 62. Nf5 Bf6 63. Rc4 Ra7 64. Rc6 Be7 65. Rd4 R2xa4 66. Rxa4 Rxa4 67. Rc8+ Kf7 68. Rc7 Rf4 69. Nxe7 Ke6 70. Nc6 Kd6 71. Rc8 Kd7 72. Na7 Rg4+ 73. Kh3 Ra4 74. Rg8 Ra2 75. f4 Ra1 76. Nb5 Rf1 77. Rg4 Ke6 78. Nd4+ Kd5 79. Ne2 Rf2 80. Ng3 Kd4 81. f5+ Ke5 82. Re4+ Kd5 83. Kg4 Rg2 84. Re6 Rf2 85. Re2 1-0


[Site "https://www.chess.com"]

[Event "Titled Tuesday Blitz April 11 Early 2023"]
[White "Hakobyan, Aram"]
[Black "Korobov, Anton"]
[WhiteFideId "13306677"]
[BlackFideId "14105730"]
[WhiteElo "2584"]
[BlackElo "2638"]
[Result "0-1"]
[Round "08"]
[TimeControl "180+2"]
[Date "2023.04.11"]
[WhiteClock "0:00:04"]
[BlackClock "0:00:15"]

1. d4 Nf6 2. c4 e6 3. Nc3 Bb4 4. e3 O-O 5. a3 Bxc3+ 6. bxc3 d6 7. Ne2 e5 8. Ng3 Nc6 9. Bd3 b6 10. O-O Re8 11. f3 Ba6 12. Nf5 Ne7 13. Nxe7+ Qxe7 14. e4 h6 15. Ra2 Qd7 16. Re2 Qc6 17. a4 Bc8 18. f4 Bg4 19. fxe5 dxe5 20. d5 Qd6 21. Kh1 Nd7 22. Qe1 Bxe2 23. Qxe2 Nc5 24. Bc2 a5 25. g4 g5 26. h4 f6 27. Rf3 Kg7 28. Rf5 Rh8 29. Kg2 Raf8 30. Be3 Rf7 31. Qf2 Qd7 32. Bxc5 bxc5 33. Qxc5 Rb8 34. Qa3 Qd6 35. c5 Qa6 36. Rf2 Qc4 37. c6 gxh4 38. Qa1 h5 39. gxh5 Kh7 40. Qe1 Rg7+ 41. Kh2 Rbg8 42. Qe3 Rg3 43. Qd2 h3 44. Qe1 Qc5 45. Bd1 Rg2+ 46. Rxg2 hxg2 47. Qg1 Qxg1+ 48. Kxg1 Kh6 49. Bf3 Rg3 50. Bxg2 Rxc3 51. Kh2 Kxh5 52. Bh3 Kg5 53. Bd7 Kf4 54. d6 cxd6 0-1


[Site "https://www.chess.com"]

[Event "Titled Tuesday Blitz April 11 Early 2023"]
[White "Sarana, Alexey"]
[Black "Lazavik, Denis"]
[WhiteFideId "24133795"]
[BlackFideId "13515110"]
[WhiteElo "2714"]
[BlackElo "2560"]
[Result "1/2-1/2"]
[Round "08"]
[TimeControl "180+2"]
[Date "2023.04.11"]
[WhiteClock "0:00:08"]
[BlackClock "0:00:19"]

1. c4 Nf6 2. d4 e6 3. Nc3 Bb4 4. e3 O-O 5. Bd3 d5 6. a3 Bxc3+ 7. bxc3 dxc4 8. Bxc4 c5 9. Bd3 Qc7 10. Bb2 Nc6 11. Nf3 e5 12. dxe5 Nxe5 13. Nxe5 Qxe5 14. Qe2 Bf5 15. c4 Qe6 16. Bxf5 Qxf5 17. Qf3 Qxf3 18. gxf3 Nd7 19. Ke2 Nb6 20. Rhc1 Na4 21. Be5 f6 22. Bg3 Rfd8 23. Rab1 b6 24. Rb3 Kf7 25. Rd1 Rxd1 26. Kxd1 Rd8+ 27. Kc2 Rd7 28. h4 h5 29. Bf4 Ke6 30. Rb1 a6 31. Bh2 Kf5 32. Bg3 Rb7 33. Rd1 b5 34. Rd5+ Kg6 35. Kb3 Nb6 36. Rxc5 Nxc4 37. Rd5 Rb6 38. a4 Na5+ 39. Kb4 Nc6+ 40. Kc5 Ne7 41. Rd7 Rc6+ 42. Kb4 Rc4+ 43. Kb3 Nf5 44. axb5 axb5 45. Rd5 Nxh4 46. Rxb5 Rc1 47. Bxh4 Kh6 48. Rb4 g5 49. Bg3 h4 50. Bxh4 gxh4 51. Rxh4+ Kg6 52. Rc4 Rb1+ 53. Kc3 Rf1 54. Kd4 Rxf2 55. Ke4 Ra2 56. Kf4 Ra5 57. Rc6 Rh5 58. e4 Kf7 59. Kg4 Rg5+ 60. Kf4 Ra5 61. Rd6 Kg6 62. Rd5 Ra4 63. Rc5 Rb4 64. Rc6 Ra4 65. Kg4 Rb4 66. Ra6 Rc4 67. Re6 Rb4 68. Ra6 Rc4 69. Ra5 Rb4 70. Kg3 Rc4 71. Rd5 Ra4 72. Kf4 Rb4 73. Ke3 Rb3+ 74. Rd3 Rb1 75. Rd4 Rb3+ 76. Kf4 Rb5 77. Kg4 Rg5+ 78. Kf4 Ra5 79. Rb4 Rc5 80. Ra4 Rb5 81. Kg3 Rg5+ 82. Kf2 Rb5 83. Ra6 Kf7 84. Kg3 f5 85. Ra7+ Kg6 86. Ra6+ Kf7 87. Kf4 fxe4 88. fxe4 Rc5 89. Rd6 Rb5 90. Rd5 Rxd5 91. exd5 Ke7 92. Ke5 Kd7 93. d6 Kd8 94. Kf6 Kd7 95. Ke5 Kd8 96. Ke6 Ke8 97. d7+ Kd8 98. Kf7 Kxd7 1/2-1/2


[Site "https://www.chess.com"]

[Event "Titled Tuesday Blitz April 11 Early 2023"]
[White "Mitrabha, Guha"]
[Black "Bluebaum, Matthias"]
[WhiteFideId "5057000"]
[BlackFideId "24651516"]
[WhiteElo "2507"]
[BlackElo "2638"]
[Result "0-1"]
[Round "08"]
[TimeControl "180+2"]
[Date "2023.04.11"]
[WhiteClock "0:00:10"]
[BlackClock "0:00:20"]

1. c4 e6 2. Nf3 d5 3. e3 Nf6 4. b3 Bd6 5. Bb2 O-O 6. Be2 dxc4 7. bxc4 b6 8. O-O Bb7 9. d4 c5 10. Nbd2 Nc6 11. Rc1 cxd4 12. exd4 Rc8 13. Bd3 Ne7 14. Qb3 Ng6 15. Rfe1 Bb8 16. a4 Nh5 17. a5 Nhf4 18. Bf1 Re8 19. axb6 axb6 20. c5 Bd5 21. Qxb6 Bc7 22. Qa6 Rb8 23. Bc3 Qf6 24. g3 Qf5 25. gxf4 Nxf4 26. Re3 Qg4+ 27. Kh1 Nh3 28. Bxh3 Qxh3 29. Kg1 Bf4 30. Qf1 Qh6 31. Rce1 e5 32. dxe5 Re6 33. Ne4 Bxe3 34. Rxe3 Bxe4 35. Rxe4 Qg6+ 36. Ng5 Qxg5+ 37. Kh1 Qf5 38. Re3 Rb1 39. Re1 Qf3+ 40. Qg2 Rxe1+ 41. Bxe1 Qxg2+ 42. Kxg2 Rxe5 43. Bb4 Re4 44. Ba5 Rc4 45. Bb6 f5 46. Kf3 Kf7 47. Ke3 Ke6 48. Kd3 Kd5 49. f3 Rh4 0-1


[Site "https://www.chess.com"]

[Event "Titled Tuesday Blitz April 11 Early 2023"]
[White "Vidit, Santosh Gujrathi"]
[Black "Kravtsiv, Martyn"]
[WhiteFideId "5029465"]
[BlackFideId "14113147"]
[WhiteElo "2651"]
[BlackElo "2695"]
[Result "0-1"]
[Round "08"]
[TimeControl "180+2"]
[Date "2023.04.11"]
[WhiteClock "0:00:03"]
[BlackClock "0:00:24"]

1. d4 d5 2. c4 e6 3. Nf3 Nf6 4. g3 Be7 5. Bg2 O-O 6. O-O c6 7. Qc2 b6 8. Rd1 a5 9. b3 Bb7 10. Nc3 Ba6 11. Qd3 b5 12. cxb5 cxb5 13. Nxb5 Nc6 14. a4 Qb6 15. Bd2 Na7 16. Ne5 Nxb5 17. axb5 Bxb5 18. Qe3 h6 19. Rdb1 Ne8 20. Nc4 Qb8 21. Rxa5 Rxa5 22. Nxa5 Nd6 23. Bh3 Bg5 24. f4 Bf6 25. Rc1 Qb6 26. Rc5 Ne4 27. b4 Nxc5 28. dxc5 Qa6 29. Kf2 Re8 30. Bc3 Bxc3 31. Qxc3 Bxe2 32. Qe5 Bb5 33. Bg2 Rd8 34. Qc7 Rc8 35. Qe7 Re8 36. Qc7 Ba4 37. Bf1 Bb5 38. Bg2 Bd3 39. Bf3 Qb5 40. Nc6 Qa4 41. Ne5 Qc2+ 42. Ke3 Bb5 43. Qxf7+ Kh7 44. Bh5 d4+ 45. Kxd4 Rd8+ 46. Ke3 Qc3+ 47. Kf2 Rd2+ 48. Kg1 Qc1+ 49. Bd1 Qxd1# 0-1


[Site "https://www.chess.com"]